Map: Orbital Shipyard

Players

MorN

  • Race: Terran Terran
  • League: Diamond

EnDeR - Winner!

  • Race: Terran Terran
  • League: Platinum

VOD

Have the link to the VOD?

Description

Time

  • Played on: Nov. 12, 2015, 10:37 p.m.
  • Length: 3:01
Show
View Real Time Build Order
Export as new Build Order

MorN Terran 

Build Orders: Command Center First (CC) 

Get SALT Encoding   

  12  0:00  SCV  
  13  0:13  SCV  
  14  0:17  Supply Depot  
  14  0:25  SCV  
  15  0:39  SCV  
  16  0:57  Command Center  
  16  1:01  SCV  
  17  1:07  Refinery  
  17  1:13  SCV  
  18  1:20  Barracks  
  18  1:25  SCV  
  19  1:37  SCV  
  20  1:50  SCV  
  21  2:09  Factory, Marine  
  21  2:10  Orbital Command x2  
  21  2:26  Marine  
  22  2:36  Barracks  
  22  2:37  SCV  
  22  2:38  Barracks  
  23  2:44  Refinery  
  23  2:58  Starport  
Show
View Real Time Build Order
Export as new Build Order

EnDeR Terran - Winner!

Build Orders: Reaper Expand 

Get SALT Encoding   

  12  0:00  SCV  
  13  0:12  SCV  
  14  0:18  Supply Depot  
  14  0:25  SCV  
  15  0:39  SCV  
  15  0:41  Barracks  
  16  0:44  Refinery  
  16  0:51  SCV  
  17  1:03  SCV  
  18  1:16  SCV  
  19  1:28  Reaper, Orbital Command  
  20  1:41  Command Center  
  20  1:48  Supply Depot  
  20  1:55  Refinery  
  20  1:58  SCV  
  20  2:00  Reaper  
  22  2:10  SCV  
  23  2:22  SCV  
  24  2:26  Factory  
  24  2:33  Barracks Reactor  
  24  2:36  SCV  
Tags
 
Add a new tag
Caveats
  • Supply blocks, unpowered buildings, or Contaminate may cause inaccurate times.
  • Supply counts are checked every 10 seconds.